 Dungeon Crawl Stone Soup version 0.19-a0-36-g4a0968a (webtiles) character file.

99 Steelers13 the Chopper (level 4, -4/41 HPs)
             Began as a Minotaur Berserker on May 3, 2016.
             Was a Believer of Trog.
             Slain by Terence
             ... wielding a +0 falchion
              (6 damage)
             ... on level 2 of the Dungeon.
             The game lasted 00:08:24 (567 turns).

Steelers13 the Chopper (Minotaur Berserker)          Turns: 567, Time: 00:08:25

Health: -4/41      AC:  2    Str: 21    XL:     4   Next: 45%
Magic:  3/3        EV: 12    Int:  4    God:    Trog [**....]
Gold:   28         SH:  0    Dex: 11    Spells: 0 memorised, 3 levels left

rFire  . . .     SeeInvis .     a - +0 hand axe
rCold  . . .     Gourm    .     b - +0 animal skin
rNeg   . . .     Faith    .     (no shield)
rPois  .         Spirit   .     (helmet restricted)
rElec  .         Dismiss  .     (no cloak)
rCorr  .         Reflect  .     (no gloves)
SustAt .         Harm     .     (no boots)
MR     .....                    (no amulet)
Stlth  +.........               (no ring)
                                (no ring)

@: not resistant to hostile enchantments, very unstealthy
A: retaliatory headbutt, horns 2
a: Berserk, Trog's Hand, Burn Spellbooks, Renounce Religion


You were on level 2 of the Dungeon.
You worshipped Trog.
Trog was pleased with you.
You were not hungry.

You visited 1 branch of the dungeon, and saw 2 of its levels.

You collected 28 gold pieces.

Inventory:

Hand Weapons
 a - a +0 hand axe (weapon)
 j - a +0 hunting sling
Missiles
 i - 24 bolts
Armour
 b - a +0 animal skin (worn)
 e - a +0 robe
Scrolls
 h - a scroll of remove curse {unknown}
 k - a scroll of identify {unknown}
Potions
 g - a potion of invisibility {unknown}
Comestibles
 c - 2 bread rations
 f - 7 chunks of flesh


   Skills:
 + Level 4.7 Fighting
 + Level 4.7 Axes
 + Level 3.1 Armour
 + Level 2.9 Dodging


You had 3 spell levels left.
You didn't know any spells.

Dungeon Overview and Level Annotations

Branches:
Dungeon (2/15)

Altars:

Annotations:
D:2 Terence


Innate Abilities, Weirdness & Mutations

You reflexively headbutt those who attack you in melee.
You have a pair of horns on your head.


Message History

You can now call upon Trog for regeneration and protection from hostile enchantments.
You see here a giant newt corpse.
You butcher the giant newt corpse.
f - 7 chunks of flesh (gained 1)
k - a scroll labeled USEC BAD FUDD Read which item? (? for menu, Esc to quit)
As you read the scroll labeled DIUTHR OZUT ECK, it crumbles to dust.
You feel aware of your surroundings.
It was a scroll of magic mapping.
Terence the Incautious comes into view.
He is wielding a falchion.
Terence shouts!
Terence says, "How do you enjoy it?" Terence hits you with a falchion!
* * * LOW HITPOINT WARNING * * *
Terence hits you but does no damage.
You closely miss Terence. Terence hits you with a falchion.
* * * LOW HITPOINT WARNING * * *
You hit Terence.
Terence is lightly wounded.
Terence hits you with a falchion.
You die...

*,* *,*,,,,,,,*,,,,,,,** #.
***,*** *,*....,,,**,*,*,** ##
*,,,,,* *,*.♣.♣,*,*,,,,*,*
*,,,,,** *,**...*,#***,**,*
*,,,,,,* *,**#.#*.# ****+***#♣#
*,,,,,,* #.###.##.# **,,,,,...
*,,,,,,* *........* **,,,,,*...
**,***,* *#.*#.@##* **,,,,,,,...
*,,,**,*####.##.@.####,,,,,,,*.♣#
,,,,,,,,.............+,,,,,,,,,+.
*,,,**,*####.#....####,,,,,,,,,##
,,,,,,,* ##.#...####**,,,,,,,**
,,,,**** #.........# **,,,,,**
,,*,,*****#.........# **,,,**
,**,,,,,,*#.........######+#*
*,*,*,,,,,####...####....#.#
,,,,,,,*P..###...# #.##.#.####


You could see Terence.

Vanquished Creatures
  Ijyb (D:2)
  4 gnolls (D:2)
  2 adders (D:2)
  6 goblins (D:2)
  4 jackals (D:2)
  2 giant newts (D:2)
  A rat (D:2)
20 creatures vanquished.

Notes
Turn   | Place    | Note
--------------------------------------------------------------
     0 | D:1      | Steelers13 the Minotaur Berserker began the quest for the Orb.
     0 | D:1      | Reached XP level 1. HP: 19/19 MP: 0/0
   264 | D:2      | Noticed Ijyb
   269 | D:2      | Reached XP level 2. HP: 27/27 MP: 1/1
   286 | D:2      | Killed Ijyb
   286 | D:2      | Reached XP level 3. HP: 18/33 MP: 2/2
   403 | D:2      | Reached XP level 4. HP: 14/41 MP: 3/3
   409 | D:2      | HP: 2/41 [gnoll (2)]
   529 | D:2      | Reached ** piety under Trog
   560 | D:2      | Noticed Terence
   566 | D:2      | HP: 2/41 [Terence/falchion (2)]
   567 | D:2      | Slain by Terence

Vault maps used:
D:1:      dpeg_arrival_fog, serial_aquarium, aquarium_bridge_straight,
          aquarium_window_corridor_2, aquarium_window_1, aquarium_window_1,
          aquarium_view_2e
D:2:      kennysheep_the_goblin_king, first_bread, serial_forest,
          infiniplex_forest_zigzag_1, infiniplex_forest_clump_small,
          infiniplex_forest_clump_double, infiniplex_forest_lined_room_3,
          infiniplex_forest_lined_room_, infiniplex_forest_clump_tiny,
          infiniplex_forest_fountain, nrook_loot_triangle, uniq_terence

Skill      XL: |  1  2  3 |
---------------+----------+-----
Fighting       | 4 |  4.7
Axes           | 4 |  4.7
Armour         | 3 |  3.1
Dodging        | |  2.9

Action                   |  1- 3 |  4- 6 || total
-------------------------+-------+-------++-------
Melee: Hand axe          |    33 |    15 ||    48
       Headbutt          |     7 |     4 ||    11
Invok: Berserk           |     1 |       ||     1
  Use: Scroll            |       |     1 ||     1
Armor: Animal skin       |     5 |     1 ||     6
Dodge: Dodged            |    28 |     6 ||    34
